 Dungeon Crawl Stone Soup version 0.12.2-9-gf1dcfd2 (webtiles) character file.

7619 Impozify the Cleaver (level 10, 0/90 HPs)
             Began as a Minotaur Berserker on July 4, 2013.
             Was a High Priest of Trog.
             Killed by Ozocubu's Refrigeration
             ... invoked by Fannar
              (15 damage)
             ... on Level 10 of the Dungeon.
             The game lasted 00:40:31 (11032 turns).

Impozify the Cleaver (Minotaur Berserker)          Turns: 11032, Time: 00:40:32

HP   0/90        AC  9     Str 23      XL: 10   Next: 87%
MP   1/1         EV  9     Int  4      God: Trog [*****.]
Gold 431         SH  0     Dex 12      Spells:  0 memorised,  9 levels left

Res.Fire  : . . .   See Invis. : .   D - +1,+3 battleaxe (antimagic)
Res.Cold  : . . .   Warding    : .   q - +0 scale mail
Life Prot.: . . .   Conserve   : .   (no shield)
Res.Poison: .       Res.Corr.  : .   (helmet restricted)
Res.Elec. : .       Clarity    : +   I - +0 cloak
Sust.Abil.: + .     Spirit.Shd : .   (no gloves)
Res.Mut.  : .       Stasis     : .   (no boots)
Res.Rott. : .       Ctrl.Telep.: .   r - amulet of clarity
Saprovore : . . .   Flight     : .   (no ring)
                                     F - ring of sustain abilities

@: somewhat resistant to hostile enchantments, extremely unstealthy
A: retaliatory headbutt, horns 2
a: Burn Spellbooks, Berserk, Trog's Hand, Brothers in Arms, Renounce Religion


You were on level 10 of the Dungeon.
You worshipped Trog.
Trog was exalted by your worship.
You were hungry.

You visited 2 branches of the dungeon, and saw 11 of its levels.

You collected 593 gold pieces.
You spent 182 gold pieces at shops.

Inventory:

Hand weapons
 D - a +1,+3 anti-magic battleaxe (weapon)
 E - a +0,+0 war axe
 M - a +0,+3 halberd of protection
Armour
 q - a +0 scale mail (worn)
 t - the +0 robe "Ethuumn" {Dex+2 Int+4 Acc+3}
   (You found it on level 9 of the Dungeon)

   It affects your intelligence (+4).
   It affects your dexterity (+2).
   It affects your accuracy (+3).
 u - the -3 leather armour of the Realm of Zot {rC+ Str+3 Dex+3}
   (You found it on level 7 of the Dungeon)

   It affects your strength (+3).
   It affects your dexterity (+3).
   It protects you from cold.
 I - a +0 cloak (worn)
 K - a +2 robe of cold resistance
 Q - a cursed +0 plate armour
Magical devices
 a - a wand of draining (0)
 z - a wand of slowing (11)
 C - a wand of disintegration (7)
 L - a wand of enslavement (4) {unknown}
 N - a wand of random effects (13) {unknown}
Comestibles
 c - a bread ration
 s - 4 meat rations
 H - an apple
Scrolls
 d - a scroll of curse jewellery {unknown}
 e - 4 scrolls of teleportation
 f - 5 scrolls of remove curse
 i - 2 scrolls of amnesia
 j - 4 scrolls of recharging
 l - 2 scrolls of enchant weapon II {unknown}
 o - 3 scrolls of enchant weapon I
 w - a scroll of blinking {unknown}
 A - 4 scrolls of magic mapping {unknown}
 P - a scroll of fog
Jewellery
 m - an uncursed amulet of warding
 r - an amulet of clarity (around neck)
 v - an uncursed ring of teleportation
 F - a ring of sustain abilities (left hand)
Potions
 b - a potion of paralysis {unknown}
 g - a potion of mutation {unknown}
 k - a potion of brilliance {unknown}
 n - 5 potions of curing
 B - 2 potions of might {unknown}
 J - 2 potions of speed {unknown}
Books
 y - a book of Control

   Spells                             Type                      Level
   Control Teleport                   Charms/Translocation         4
   Control Undead                     Necromancy                   4
   Enslavement                        Hexes                        4
   Mass Confusion                     Hexes                        6
   Metabolic Englaciation             Hexes/Ice                    6
   Trog disapproves of the use of such an item.
 G - a book of Envenomations

   Spells                             Type                      Level
   Spider Form                        Transmutation/Poison         3
   Poison Weapon                      Charms/Poison                3
   Summon Scorpions                   Summoning/Poison             4
   Olgreb's Toxic Radiance            Poison                       4
   Poisonous Cloud                    Conjuration/Poison/Air       6
   Trog disapproves of the use of such an item.


   Skills:
 + Level 11.4 Fighting
 + Level 13.6 Axes
 - Level 8.0 Armour
 - Level 5.0 Dodging


You had 9 spell levels left.
You didn't know any spells.

Dungeon Overview and Level Annotations

Branches:
Dungeon (10/27)            Temple (1/1) D:4             Orc (0/4) D:9
   Lair: D:8-13

Altars:
Ashenzari
Cheibriados
Elyvilon
Fedhas
Kikubaaqudgha
Makhleb
Nemelex Xobeh
Okawaru
Sif Muna
Trog
Vehumet
Xom
Yredelemnul
Zin
the Shining One
Beogh

Shops:
D:4: !??*

Annotations
D:10 Fannar


Innate Abilities, Weirdness & Mutations

You reflexively headbutt those who attack you in melee.
You have a pair of horns on your head.


Message History

As you read the scroll of teleportation, it crumbles to dust.
You feel strangely unstable.
Fannar zaps a wand.
The bolt of cold hits you!
One of your 7 potions of curing freezes and shatters!
The jelly closely misses you.
Fannar resists.
Fannar casts a spell.
Fannar drains the heat from the surrounding environment!
You feel very cold.
* * * LOW HITPOINT WARNING * * *
Fannar resists.
Fannar is lightly wounded.
The jelly dies!
Drink which item? (? for menu, Esc to quit)
You feel better.
Your surroundings suddenly seem different.
Fannar resists.
Fannar mumbles some strange words.
Fannar drains the heat from the surrounding environment!
You feel very cold.
You die...

###............................
##..#..)........................
#.....)).....###................
#..............#.................
#....##.........<................
......#..........................
..##..#..........................
## #.....#........=..............
#.....#......@................
#.....##......................
#.....e.......................
#..............................
...............................(
...............................
..............................
...........................
............................


You could see Fannar.

Vanquished Creatures
  The ghost of Aryth the Cleaver, an experienced HOPr of Beogh (D:9)
  Erolcha (D:9)
  Pikel (D:7)
  Prince Ribbit (D:7)
  A two-headed ogre (D:10)
  2 wyverns (D:10)
  4 orc warriors
  A hippogriff (D:10)
  Eustachio (D:9)
  Grum (D:9)
  A manticore (D:8)
  A soldier ant (D:10)
  2 war dogs (D:9)
  A slave (D:7)
  2 phantoms
  5 ice beasts
  5 ogres
  A centaur (D:8)
  2 big kobolds
  A centaur skeleton (D:7)
  A water moccasin (D:9)
  3 giant frogs
  4 wights (D:10)
  5 killer bees
  4 crimson imps
  An ogre skeleton (D:8)
  A quasit (D:6)
  2 orc priests (D:9)
  6 hounds
  3 iguanas
  9 orc wizards
  3 worker ants
  3 jellies
  12 adders
  A gnoll (D:5)
  A green rat (D:9)
  2 adder zombies
  2 giant mites
  A worm (D:7)
  2 grey rats (D:9)
  A bat skeleton (D:5)
  4 giant eyeballs
  A gnoll skeleton (D:5)
  2 oozes
  36 orcs
  3 ball pythons
  20 bats
  3 giant cockroaches
  9 goblins
  19 hobgoblins
  12 jackals
  26 kobolds
  5 quokkas
  5 giant geckos
  2 giant newts
  2 giant spores
  14 rats
  7 ballistomycetes
272 creatures vanquished.

Vanquished Creatures (others)
  3 slaves (D:7)
  An ogre (D:7)
  A jelly (D:10)
  An adder (D:7)
  2 orcs (D:7)
  A kobold (D:9)
  A giant spore (D:4)
  2 rats
12 creatures vanquished.

Grand Total: 284 creatures vanquished

Notes
Turn   | Place    | Note
--------------------------------------------------------------
     0 | D:1      | Impozify, the Minotaur Berserker, began the quest for the Orb.
     0 | D:1      | Reached XP level 1. HP: 19/19 MP: 0/0
    92 | D:1      | Reached XP level 2. HP: 6/26 MP: 0/0
   288 | D:1      | Reached skill level 4 in Fighting
   739 | D:1      | Acquired Trog's second power
  1211 | D:2      | Reached XP level 3. HP: 18/33 MP: 1/1
  1609 | D:2      | Reached XP level 4. HP: 37/40 MP: 1/1
  2630 | D:3      | Reached XP level 5. HP: 46/46 MP: 1/1
  3138 | D:3      | Acquired Trog's third power
  3195 | D:4      | Found Muaviuto's Magic Scroll Shoppe.
  3195 | D:4      | Noticed an ogre
  3236 | D:4      | Reached skill level 5 in Fighting
  3236 | D:4      | Reached skill level 5 in Axes
  3267 | D:4      | Found Ulaitzin's Magic Scroll Boutique.
  3566 | D:4      | Found Yfaal's Assorted Antiques.
  3582 | D:4      | Bought a scroll labeled EHIOXZOEQAFECO for 22 gold pieces
  3582 | D:4      | Bought a scroll labeled UWES HAT HUZ for 22 gold pieces
  3582 | D:4      | Bought a scroll labeled NUEMOY FICOYCH for 22 gold pieces
  3582 | D:4      | Bought a scroll labeled SUFEZIFINI for 22 gold pieces
  3593 | D:4      | Killed an ogre
  3593 | D:4      | Reached XP level 6. HP: 53/53 MP: 2/2
  3605 | D:4      | Bought a scroll of identify for 20 gold pieces
  3605 | D:4      | Bought a scroll of teleportation for 30 gold pieces
  3605 | D:4      | Bought a scroll of identify for 20 gold pieces
  3682 | D:4      | Reached skill level 6 in Axes
  3703 | D:4      | Found Seosuit's Distillery.
  3715 | D:4      | Bought a potion of curing for 24 gold pieces
  3825 | D:4      | Reached skill level 5 in Dodging
  3825 | D:4      | Reached XP level 7. HP: 58/60 MP: 2/2
  3826 | D:4      | Found a staircase to the Ecumenical Temple.
  3832 | Temple   | Entered the Ecumenical Temple
  4137 | D:5      | Entered Level 5 of the Dungeon
  4314 | D:5      | Found a snail-covered altar of Cheibriados.
  4320 | D:5      | Reached skill level 7 in Axes
  4368 | D:5      | Reached skill level 5 in Armour
  5076 | D:6      | Reached skill level 8 in Axes
  5076 | D:6      | Reached XP level 8. HP: 60/68 MP: 2/2
  5137 | D:6      | Paralysed by a giant eyeball for 2 turns
  6462 | D:7      | Noticed Pikel
  6468 | D:7      | Killed Pikel
  6468 | D:7      | Reached skill level 9 in Axes
  6584 | D:7      | Got a warped leather armour
  6609 | D:7      | Identified the cursed -3 leather armour of the Realm of Zot {rC+ Str+3 Dex+3} (You found it on level 7 of the Dungeon)
  6689 | D:7      | Reached XP level 9. HP: 50/73 MP: 3/3
  6726 | D:7      | Paralysed by a giant eyeball for 3 turns
  6732 | D:7      | Paralysed by a giant eyeball for 3 turns
  6799 | D:7      | Reached skill level 10 in Axes
  6880 | D:7      | Noticed Prince Ribbit
  6901 | D:7      | Killed Prince Ribbit
  7382 | D:8      | Received a gift from Trog
  8064 | D:8      | Reached skill level 11 in Axes
  8611 | D:8      | Paralysed by a giant eyeball for 4 turns
  8641 | D:9      | Found a staircase to the Orcish Mines.
  8790 | D:9      | Got a sheer robe
  8791 | D:9      | Identified the +0 robe "Ethuumn" {Dex+2 Int+4 Acc+3} (You found it on level 9 of the Dungeon)
  8835 | D:9      | Noticed Erolcha
  8841 | D:9      | Killed Erolcha
  8841 | D:9      | Reached XP level 10. HP: 85/85 MP: 1/3
  9093 | D:9      | Noticed Aryth's ghost (experienced HOPr)
  9112 | D:9      | Killed Aryth's ghost
  9112 | D:9      | Reached skill level 12 in Axes
  9242 | D:9      | Noticed Eustachio
  9243 | D:9      | Noticed Grum
  9287 | D:9      | Killed Grum
  9299 | D:9      | Killed Eustachio
  9801 | D:9      | Found a roughly hewn altar of Beogh.
  9805 | D:9      | Reached skill level 10 in Fighting
  9808 | D:9      | Received a gift from Trog
  9889 | D:10     | Entered Level 10 of the Dungeon
 10513 | D:10     | Reached skill level 13 in Axes
 10840 | D:10     | Noticed Fannar
 11032 | D:10     | Killed from afar by Fannar

Action                   |  1- 3 |  4- 6 |  7- 9 | 10-12 || total
-------------------------+-------+-------+-------+-------++-------
Melee: Hand axe          |    82 |   161 |   110 |       ||   353
       War axe           |       |       |   150 |       ||   150
       Battleaxe         |       |       |    56 |   114 ||   170
       Halberd           |       |       |       |    10 ||    10
Throw: Hand axe          |       |       |     2 |       ||     2
Invok: Berserk           |       |     2 |     5 |     5 ||    12
Evoke: Wand              |       |       |     6 |     2 ||     8
  Use: Scroll            |     2 |     6 |     6 |     3 ||    17
       Potion            |     1 |       |     5 |     4 ||    10
